 Dungeon Crawl Stone Soup version 0.29-a0-284-gf9362112df (webtiles) character file.

Game seed: 2140832707411320807

40 esteth the Magician (level 3, -2/27 HPs)
             Began as a Djinni Conjurer on Mar 14, 2022.
             Slain by Grinder (8 damage)
             ... while paralysed by Grinder
             ... on level 3 of the Dungeon.
             The game lasted 00:02:34 (2620 turns).

esteth the Magician (Djinni Conjurer)               Turns: 2620, Time: 00:02:35

Health: -2/27      AC:  2    Str:  6    XL:     3   Next: 72%
Gold:   128        EV:  2    Int: 21    God:
                   SH:  0    Dex: 11

rFire   + + .      SeeInvis .   m - +8 falchion "Nukk" {chaos, rPois}
rCold   x . .      Faith    .   (no shield)
rNeg    . . .      Spirit   .   a - +0 robe
rPois   ∞          Reflect  .   (no helmet)
rElec   .          Harm     .   (no cloak)
rCorr   .          Rampage  .   (no gloves)
Will    .....                   (boots unavailable)
Stlth   ++........              (no amulet)
HPRegen 0.09/turn               (no ring)
MPRegen 0.00/turn               (no ring)

@: paralysed, flying
A: sickness immunity, fire resistance 2, cold vulnerability 1, float, innate
caster, HP casting, extra vitality 1
a: no special abilities


You were on level 3 of the Dungeon.
You visited 1 branch of the dungeon, and saw 3 of its levels.

You collected 128 gold pieces.


Innate Abilities, Weirdness & Mutations

You are immune to sickness and miasma.
You are immune to poison.
Your flesh is very heat resistant. (rF++)
You are vulnerable to cold. (rC-)
You float through the air rather than walking.
You learn spells naturally, not from books.
Your magical power is your life essence.
You have superior vitality. (+4 MHP)


   Skills:
 - Level 1.2 Fighting
 + Level 0.3 Long Blades
 - Level 2.1 Dodging
 - Level 1.5 Stealth
 * Level 3.9 Spellcasting


You couldn't memorise any spells.
You knew the following spells:

 Your Spells              Type           Power      Damage    Failure   Level
d - Dazzling Flash        Conj/Hex       40%        N/A       8%          3
f - Fulminant Prism       Conj/Hex       10%        3d9       24%         4
i - Iskenderun's Mystic   Conj/Tloc      20%        2d6       24%         4
m - Magic Dart            Conj           80%        1d7       2%          1
s - Searing Ray           Conj           40%        2d5       3%          2
S - Summon Small Mammal   Summ           80%        N/A       2%          1
Your spell library was empty.

Inventory:

Hand Weapons
 m - the +8 falchion "Nukk" (weapon) {chaos, rPois}
   (You found it on level 2 of the Dungeon)

   Each time it hits an enemy it has a different, random effect.
   rPois:     It protects you from poison.
Missiles
 d - 73 stones
 p - 5 poisoned darts
Armour
 a - a +0 robe (worn)
 h - a +0 leather armour
   (You found it on level 1 of the Dungeon)
 n - a +0 leather armour
   (You took it off an orc on level 3 of the Dungeon)
Scrolls
 b - 2 scrolls of immolation {unknown}
 f - 5 scrolls of identify {unknown}
 g - a scroll of fear {unknown}
 l - 4 scrolls of teleportation {unknown}
 o - a scroll of torment {unknown}
Potions
 c - 2 potions of might {unknown}
 e - a potion of brilliance {unknown}
 i - a potion of attraction {unknown}
 j - a potion of berserk rage {unknown}
 k - a potion of curing {unknown}

Dungeon Overview and Level Annotations

Branches:
Dungeon (3/15)

Altars:

Shops:
D:1 !

Annotations:
D:2 Sigmund
D:3 Grinder

.. .^... .. ..... .. ...
## # ... ... #. #.# #.#
#.5 #.# #.# ..# ##)######
#.# #.#.# ##@......# #.# #
#....###5#.####.###.######
#...##.####.#.......#.
##.###.#..........#..#
#.......##.#.#.#.....
#####......#.#...#.##
########.......##
####...## #...#


You could see Grinder.


Message History

The magic dart hits the frilled lizard.
The frilled lizard hisses angrily. 😕 HP[-1]
You take 1 damage, and now have 26/27 hp.
A frilled lizard is nearby!
Casting: Magic Dart (safe; 2% risk of failure)
Confirm with . or Enter, or press ? or * to list all spells.
Aiming: Magic Dart (safe; 2% risk of failure)
Press: ? - help, Shift-Dir - straight line, f/p - frilled lizard
Aim: a frilled lizard (heavily wounded, 100% to hit)
The magic dart hits the frilled lizard.
You kill the frilled lizard! 😕 HP[-1]
You take 1 damage, and now have 25/27 hp.
You see here a frilled lizard corpse.
o - a scroll labelled PUNISM JAXAYKK 😎 HP[+2]
Your hp is fully restored (27).
d - 73 stones (gained 18)
An endoplasm comes into view.
The endoplasm quivers.
Casting: Magic Dart (safe; 2% risk of failure)
Confirm with . or Enter, or press ? or * to list all spells.
Aiming: Magic Dart (safe; 2% risk of failure)
Press: ? - help, Shift-Dir - straight line, f - endoplasm
Aim: an endoplasm (100% to hit)
The magic dart hits the endoplasm. 😕 HP[-1]
You take 1 damage, and now have 26/27 hp.
Casting: Magic Dart (safe; 2% risk of failure)
Confirm with . or Enter, or press ? or * to list all spells.
Aiming: Magic Dart (safe; 2% risk of failure)
Press: ? - help, Shift-Dir - straight line, f/p - endoplasm
Aim: an endoplasm (moderately wounded, 100% to hit)
The magic dart hits the endoplasm. 😕 HP[-1]
You take 1 damage, and now have 25/27 hp.
Casting: Magic Dart (safe; 2% risk of failure)
Confirm with . or Enter, or press ? or * to list all spells.
Aiming: Magic Dart (safe; 2% risk of failure)
Press: ? - help, Shift-Dir - straight line, f/p - endoplasm
Aim: an endoplasm (severely wounded, 100% to hit)
The magic dart hits the endoplasm but does no damage. 😕 HP[-1]
You take 1 damage, and now have 24/27 hp.
Casting: Magic Dart (safe; 2% risk of failure)
Confirm with . or Enter, or press ? or * to list all spells.
Aiming: Magic Dart (safe; 2% risk of failure)
Press: ? - help, Shift-Dir - straight line, f/p - endoplasm
Aim: an endoplasm (severely wounded, 100% to hit)
The magic dart hits the endoplasm.
You kill the endoplasm! 😕 HP[-1]
You take 1 damage, and now have 23/27 hp.
Found a stone staircase leading up. 😎 HP[+4]
Your hp is fully restored (27).
You now have 128 gold pieces (gained 4).
p - 5 poisoned darts
There is a stone staircase leading down here.
A rat comes into view.
Casting: Magic Dart (safe; 2% risk of failure)
Confirm with . or Enter, or press ? or * to list all spells.
Aiming: Magic Dart (safe; 2% risk of failure)
Press: ? - help, Shift-Dir - straight line, f - rat
Aim: a rat (asleep, 100% to hit)
The magic dart hits the rat.
You kill the rat! 😕 HP[-1]
You take 1 damage, and now have 26/27 hp.
Grinder comes into view.
Grinder shouts!
Grinder gestures at you. Pain shoots through your body! 😕 HP[-5]
You take 5 damage, and now have 21/27 hp.
You start resting.
An orc comes into view. It is wielding a +0 flail.
The orc shouts!
The orc hits you with a +0 flail. 😮 HP[-4]
You take 4 damage, and now have 17/27 hp.
You hit the orc. You burn the orc. The orc barely misses you.
You closely miss the orc. The orc closely misses you.
You slash the orc! You burn the orc.
You kill the orc!
Grinder barely misses you.
You barely miss Grinder. Grinder closely misses you. 😮 HP[+1]
You hit Grinder but do no damage. Grinder barely misses you.
You barely miss Grinder. Grinder hits you!
* * * LOW HITPOINT WARNING * * *
You writhe in agony.
* * * LOW HITPOINT WARNING * * *
Grinder gestures at you.
You suddenly lose the ability to move!
Grinder hits you.
* * * LOW HITPOINT WARNING * * *
Grinder hits you!
You die...

Skill      XL: |  1  2 |
---------------+-------+-----
Fighting       | 1 |  1.2
Long Blades    | |  0.3
Dodging        | |  2.1
Stealth        | |  1.5
Spellcasting   | |  3.9

Action                   || total
-------------------------++-------
Melee: Falchion          ||    18
 Cast: Magic Dart        ||    54
Armor: Robe              ||     1
Dodge: Dodged            ||    15

Levels and vault maps discovered:
D:1:      dpeg_arrival_brainrot, layout_loops_ring, serial_shops, shop,
          nicolae_ecumenical_snake_handling
D:2:      layout_basic, uniq_sigmund
D:3:      layout_loops_cross, uniq_grinder

Notes
Turn   | Place    | Note
-------+----------+-------------------------------------------
     0 | D:1      | esteth the Djinni Conjurer began the quest for the Orb.
     0 | D:1      | Reached XP level 1. HP: 15/15 MP: 0/0
     0 | D:1      | magus.rc [v1.11.3]
   309 | D:1      | Reached XP level 2. HP: 18/22 MP: 0/0
   385 | D:1      | Found Giakoraa's Distillery.
   591 | D:1      | Found a faded altar of an unknown god.
   960 | D:1      | Reached skill level 1 in Fighting
  1157 | D:2      | Reached XP level 3. HP: 24/27 MP: 0/0
  1157 | D:2      | Learned a level 1 spell: Summon Small Mammal
  1484 | D:2      | Identified the +8 falchion "Nukk" {chaos, rPois}
  1818 | D:2      | Noticed Sigmund
  2608 | D:3      | Noticed Grinder
  2618 | D:3      | Paralysed by Grinder for 6 turns
  2619 | D:3      | HP: 6/27 [Grinder (4)]
  2620 | D:3      | Slain by Grinder

Vanquished Creatures
  A dart slug (D:2)
  3 orcs (D:3)
  5 ball pythons (D:1)
  A bat (D:1)
  3 endoplasms
  A giant cockroach (D:1)
  4 goblins
  3 hobgoblins
  A jackal (D:1)
  2 kobolds
  2 quokkas (D:2)
  3 frilled lizards
  A rat (D:3)
30 creatures vanquished.

Table legend:
 A = Non-vault XP
 B = Vault XP
 C = Vault XP percentage of total XP
 D = Non-vault monster count
 E = Vault monster count
 F = Vault count percentage of total count
                 A         B        C        D         E       F
            +---------+---------+-------+---------+---------+-------
      Total |      53 |       5 |   8.6 |      27 |       3 |  10.0
            +---------+---------+-------+---------+---------+-------
        D:1 |      19 |       5 |  20.8 |      11 |       3 |  21.4
        D:2 |      19 |       0 |   0.0 |       9 |       0 |   0.0
        D:3 |      15 |       0 |   0.0 |       7 |       0 |   0.0
            +---------+---------+-------+---------+---------+-------

Illustrated notes

Table legend:
 A = Kills in this place as a percentage of kills in entire the game.
 B = Kills by you in this place as a percentage of kills by you in the entire game.
 C = Kills by friends in this place as a percentage of kills by friends in the entire game.
 D = Other kills in this place as a percentage of other kills in the entire game.
 E = Experience gained in this place as a percentage of experience gained in the entire game.
 F = Experience gained in this place divided by the number of levels of this place that you have seen.
                   A       B       C       D       E      F
               +-------+-------+-------+-------+-------+----------------------
         Total | 100.0 | 100.0 |   N/A |   N/A | 100.0 |  19.3
       Dungeon | 100.0 | 100.0 |   N/A |   N/A | 100.0 |  19.3
               +-------+-------+-------+-------+-------+----------------------

Table legend: (Time is in decaauts)
 A = Elapsed time spent in this place.
 B = Non-inter-level travel time spent in this place.
 C = Inter-level travel time spent in this place.
 D = Time resting spent in this place.
 E = Time spent auto-exploring this place.
 F = Levels seen in this place.
 G = Mean time per level.
                   A        B        C        D        E       F      G
               +--------+--------+--------+--------+--------+-----+--------+
         Total |   2624 |   2577 |     47 |      0 |   2423 |   3 |  874.7 |
       Dungeon |   2624 |   2577 |     47 |      0 |   2423 |   3 |  874.7 |
               +--------+--------+--------+--------+--------+-----+--------+

Top non-repeatable levels by time:
     D:1: 1120 daAuts
     D:2: 887 daAuts
     D:3: 616 daAuts
